Map: Lerilak Crest

Players

MorN - Winner!

  • Race: Terran Terran
  • League: Master

BigDaddyDabs

  • Race: Zerg Zerg
  • League: Diamond

VOD

Have the link to the VOD?

Description

Time

  • Played on: Nov. 18, 2015, 8:02 p.m.
  • Length: 18:52
Show
View Real Time Build Order
Export as new Build Order

MorN Terran - Winner!

Build Orders: MMM Bio 

Get SALT Encoding   

  12  0:00  SCV  
  13  0:12  SCV  
  14  0:17  Supply Depot  
  14  0:24  SCV  
  15  0:39  SCV, Barracks  
  16  0:47  Refinery  
  16  0:51  SCV  
  17  1:04  SCV  
  18  1:16  SCV  
  19  1:34  Marine, Orbital Command  
  20  1:52  Marine  
  21  1:55  Command Center  
  21  1:57  Refinery  
  21  2:04  SCV  
  22  2:11  Factory  
  22  2:14  Marine  
  23  2:28  Refinery  
  23  2:29  Supply Depot  
  23  2:38  Barracks Tech Lab  
  23  2:51  SCV  
  24  2:57  Starport  
  24  2:58  Ghost Academy  
  24  3:03  SCV  
  25  3:09  Orbital Command  
  25  3:15  SCV  
  26  3:27  SCV  
  26  3:28  Personal Cloaking  
  27  3:42  Hellion  
  27  3:46  SCV  
  30  3:53  Medivac  
  30  3:54  SCV  
  33  4:03  Refinery  
  33  4:05  Hellion, Ghost  
  33  4:07  SCV  
  38  4:13  Supply Depot  
  38  4:21  SCV  
  38  4:23  Medivac  
  41  4:24  SCV  
  42  4:33  SCV  
  42  4:37  Ghost  
  45  4:42  SCV  
  45  4:45  SCV  
  47  4:49  Command Center  
  47  4:54  SCV  
  47  4:57  Starport Reactor  
  47  4:59  Factory Reactor  
  48  5:00  SCV  
  48  5:06  SCV  
  50  5:13  SCV  
  51  5:16  Stimpack, Marine  
  51  5:18  SCV  
  51  5:44  SCV x2  
  53  6:00  SCV  
  54  6:06  Barracks x2, Orbital Command  
  54  6:07  SCV, Factory Reactor  
  54  6:10  Marauder  
  57  6:12  Bunker  
  57  6:13  Bunker, Starport Reactor  
  57  6:15  SCV, Barracks  
  57  6:18  Barracks  
  58  6:22  SCV  
  58  6:24  Refinery  
  59  6:26  Engineering Bay  
  59  6:27  SCV, Engineering Bay  
  60  6:33  SCV, Marauder  
  60  6:34  SCV  
  62  6:47  SCV  
  63  6:54  Marauder  
  65  7:04  Factory Tech Lab  
  65  7:05  SCV  
  65  7:06  Marine  
  65  7:08  Marine x2  
  69  7:18  Supply Depot  
  69  7:19  Supply Depot x2  
  69  7:21  Terran Infantry Armor Level 1, Supply Depot  
  69  7:22  Terran Infantry Weapons Level 1  
  69  7:23  Medivac, Marine x5  
  69  7:24  Marine  
  77  7:33  Medivac, Marine x2  
  71  7:40  Orbital Command  
  71  7:41  Marauder  
  71  7:42  Marine  
  71  7:43  Marine x4  
  76  7:47  Missile Turret  
  76  7:48  Missile Turret  
  76  7:50  Orbital Command  
  76  7:56  Marine x2  
  78  8:00  Marine  
  78  8:02  Marauder  
  81  8:12  Marine  
  81  8:13  Combat Shields  
  81  8:14  Siege Tank, Medivac x2  
  81  8:16  SCV  
  81  8:17  SCV  
  91  8:24  Marauder  
  91  8:25  Marine x4  
  98  8:28  SCV  
  98  8:37  Orbital Command  
  90  8:45  Marauder  
  84  8:49  Marine x2  
  84  8:51  Marine x2  
  85  9:04  SCV x2  
  85  9:05  Marine x2  
  85  9:07  Marauder  
  91  9:11  Armory  
  91  9:15  Marine  
  91  9:16  Siege Tank, Marine x4  
  79  9:17  Medivac x2  
  99  9:20  SCV x3  
  106  9:28  Marauder  
  108  9:41  Marine  
  108  9:44  Supply Depot  
  109  9:45  Supply Depot  
  109  9:46  SCV, Marine x6  
  109  9:49  Liberator x2  
  116  9:56  SCV  
  116  9:59  Supply Depot  
  117  10:06  Marine x2  
  117  10:07  SCV, Marauder, Marine x2  
  130  10:17  Marine x2  
  124  10:29  Marauder  
  124  10:33  Liberator x2  
  125  10:42  Marine x2  
  126  10:46  Marine  
  126  10:48  Siege Tank  
  126  10:50  Marauder  
  126  10:52  SCV x2, Terran Infantry Weapons Level 2, Terran Infantry Armor Level 2  
  134  10:59  Marine x2  
  134  11:00  SCV  
  134  11:04  SCV x2  
  139  11:11  Marauder  
  141  11:24  Refinery  
  141  11:25  Refinery  
  141  11:26  Supply Depot  
  141  11:30  Terran Vehicle Weapons Level 1  
  141  11:39  Supply Depot x2  
  141  11:41  Supply Depot  
  141  11:44  Marine  
  141  11:45  Marine  
  141  11:47  Marine x4  
  141  11:48  SCV, Siege Tank, Marine  
  141  11:49  Marine, Orbital Command  
  139  12:02  Marine  
  139  12:03  Marine  
  139  12:05  Marine x4  
  139  12:06  Marine  
  132  12:20  Marine x2  
  132  12:21  Marine  
  122  12:23  Marine  
  122  12:24  Marauder  
  122  12:26  Marine x3  
  112  12:32  Siege Tank, Medivac  
  112  12:36  Barracks  
  115  12:38  Barracks x2, Marine x2  
  115  12:39  Marine  
  115  12:40  Orbital Command  
  118  12:45  SCV x2  
  118  12:46  Marauder  
  122  12:52  Command Center  
  122  12:57  SCV x2  
  124  13:02  Marine x2  
  124  13:03  Marine x2  
  128  13:07  Marauder  
  128  13:09  SCV x2  
  128  13:12  Marine x2  
  124  13:30  Marine x2  
  124  13:33  Marine x2  
  114  13:34  Marauder  
  114  13:39  Marine x2  
  114  13:44  Marine  
  114  13:47  Barracks Tech Lab x2  
  114  13:48  Barracks Reactor, Marine, Medivac x2  
  116  13:49  Siege Tank  
  116  13:51  Refinery  
  116  13:53  Refinery  
  116  13:55  Marauder, Marine  
  125  14:03  Terran Infantry Weapons Level 3  
  125  14:05  Liberator  
  125  14:12  Marine x5  
  125  14:13  Marine  
  125  14:14  Marauder  
  125  14:15  Marauder  
  137  14:17  Marauder  
  140  14:26  Marine x2  
  140  14:28  Marine  
  140  14:30  Marine x2  
  125  14:35  Marine x2  
  125  14:36  Marauder x2  
  128  14:38  Marauder  
  128  14:42  Marine  
  128  14:43  Marine  
  119  14:48  Marine  
  119  14:49  Marine  
  120  14:53  Marine x2  
  120  14:57  Marauder  
  110  15:08  Marine x3  
  110  15:09  Marauder x2  
  110  15:11  Marine  
  120  15:14  Marine  
  120  15:19  Medivac x2  
  120  15:35  Marine x3  
  120  15:36  Marine x4  
  120  15:41  Marine x2  
  129  15:54  Concussive Shells  
  129  15:56  Marine  
  132  15:57  Marine, Marauder  
  132  16:00  Marine x2  
  132  16:01  Marine  
  136  16:05  Refinery  
  136  16:06  Refinery  
  136  16:09  Marine x2  
  136  16:10  Marauder  
  131  16:12  Marine x2  
  131  16:16  Marine x2  
  135  16:24  Planetary Fortress  
  135  16:26  Missile Turret  
  135  16:30  Marine x2  
  137  16:38  Liberator  
  137  16:45  Marine x2  
  139  16:47  Marine x3  
  139  16:48  Marauder x2  
  140  16:54  Marine  
  144  17:08  Marine x3  
  144  17:09  Liberator, Marauder x2, Marine x2  
  144  17:14  Marine  
  144  17:15  Marauder  
  156  17:24  Marine x2  
  161  17:31  Marauder  
  161  17:34  Marine  
  161  17:35  Marauder  
  161  17:36  Marine  
  161  17:42  Marine x2  
  161  17:43  Marine  
  161  17:44  Marine  
  165  17:46  Marine x2  
  161  17:59  Marine  
  161  18:00  Marine x3  
  161  18:01  Marauder x2  
  166  18:06  Marine x2  
  166  18:07  Marauder  
  173  18:25  Marine  
  173  18:26  Marauder, Marine x3  
  179  18:29  Marauder  
Show
View Real Time Build Order
Export as new Build Order

BigDaddyDabs Zerg 

Build Orders: Hatch First, Lurkers 

Get SALT Encoding   

  12  0:08  Overlord  
  12  0:12  Drone  
  13  0:18  Drone  
  14  0:26  Drone  
  15  0:30  Drone  
  16  0:40  Drone  
  17  0:51  Drone  
  18  1:02  Hatchery, Extractor  
  16  1:04  Drone  
  17  1:17  Drone  
  18  1:24  Spawning Pool  
  18  1:25  Drone  
  18  1:34  Drone  
  18  1:37  Extractor  
  18  1:45  Drone  
  20  1:55  Drone  
  20  2:06  Drone  
  21  2:11  Metabolic Boost, Extractor, Queen  
  21  2:13  Queen  
  25  2:16  Drone  
  25  2:22  Overlord  
  26  2:26  Zergling x2  
  26  2:28  Zergling x2  
  28  2:39  Extractor  
  28  2:40  Drone  
  28  2:41  Drone  
  30  2:49  Drone  
  30  2:50  Drone  
  30  2:51  Roach Warren  
  31  2:58  Drone  
  32  3:00  Drone  
  33  3:11  Drone, Queen  
  36  3:15  Overlord, Extractor  
  36  3:19  Overlord  
  34  3:20  Drone  
  34  3:25  Lair  
  35  3:30  Overlord  
  35  3:35  Drone x2  
  35  3:40  Drone  
  35  3:41  Drone x2  
  40  3:43  Drone  
  40  3:47  Zergling x2  
  42  3:49  Drone  
  42  3:55  Drone x3  
  46  4:01  Burrow  
  46  4:05  Drone  
  46  4:07  Baneling Nest  
  46  4:12  Drone  
  46  4:13  Drone x3  
  46  4:14  Drone  
  51  4:21  Spore Crawler  
  50  4:25  Drone  
  50  4:28  Roach, Zergling x6  
  50  4:29  Glial Reconstitution  
  56  4:34  Extractor  
  56  4:35  Roach  
  56  4:36  Extractor  
  56  4:38  Roach  
  58  4:41  Roach  
  58  4:43  Overlord  
  59  4:54  Overlord  
  59  5:04  Roach x3  
  65  5:09  Roach  
  65  5:11  Baneling x6  
  67  5:15  Hatchery  
  67  5:16  Evolution Chamber, Drone  
  67  5:23  Overseer  
  67  5:25  Roach x3  
  71  5:29  Roach x2  
  71  5:31  Overlord  
  74  5:38  Overlord  
  74  5:39  Overlord, Drone  
  75  5:48  Spore Crawler  
  75  5:49  Queen  
  76  5:51  Overseer  
  76  5:52  Roach  
  76  5:57  Overseer  
  76  5:59  Ravager, Roach  
  76  6:01  Roach  
  76  6:03  Roach  
  83  6:08  Roach  
  85  6:15  Spore Crawler  
  85  6:16  Drone  
  85  6:17  Drone  
  86  6:20  Drone  
  86  6:21  Drone  
  86  6:24  Queen  
  90  6:27  Ravager  
  90  6:31  Drone  
  90  6:32  Drone  
  93  6:49  Roach  
  93  6:50  Roach x2  
  98  6:55  Roach  
  100  7:06  Overseer  
  100  7:08  Overlord  
  100  7:10  Zerg Missile Weapons Level 1  
  100  7:12  Overlord  
  100  7:13  Hydralisk Den  
  99  7:16  Overlord x2  
  99  7:17  Overlord  
  99  7:28  Overlord x3  
  99  7:34  Roach  
  99  7:35  Roach x3  
  99  7:36  Roach  
  106  7:46  Ravager x4  
  106  7:48  Ravager x2  
  106  7:49  Baneling  
  106  7:50  Zergling x6  
  115  7:53  Drone  
  115  7:54  Queen  
  115  7:55  Drone  
  115  7:56  Hatchery  
  118  8:03  Roach  
  120  8:11  Roach x3  
  124  8:17  Roach  
  124  8:18  Overlord  
  124  8:19  Overlord  
  126  8:20  Lurker Den  
  126  8:23  Roach  
  128  8:38  Roach  
  128  8:39  Roach  
  116  8:55  Roach x3  
  122  8:56  Roach x2  
  126  9:06  Hydralisk x3  
  126  9:07  Hydralisk x2  
  136  9:13  Zerg Ground Armor Level 1  
  136  9:16  Drone  
  137  9:17  Drone  
  137  9:18  Hatchery  
  137  9:22  Drone x2  
  137  9:23  Drone  
  140  9:30  Overseer  
  140  9:34  Drone  
  140  9:35  Drone  
  140  9:36  Drone  
  143  9:42  Hydralisk, Roach  
  143  9:43  Hydralisk  
  149  9:50  Lurker x2  
  149  9:51  Lurker  
  149  9:52  Drone x2  
  154  9:56  Extractor  
  154  9:57  Drone x2, Extractor  
  154  9:58  Drone  
  154  9:59  Drone x2  
  157  10:00  Drone  
  157  10:02  Drone  
  159  10:09  Drone x2  
  159  10:10  Drone  
  159  10:13  Evolution Chamber  
  150  10:25  Drone x2  
  145  10:29  Drone x2  
  145  10:30  Drone x2  
  140  10:48  Drone x2  
  145  10:50  Roach x3  
  145  10:51  Drone x4, Spore Crawler  
  145  10:52  Drone  
  145  10:55  Drone  
  152  10:59  Drone  
  152  11:00  Drone  
  155  11:04  Lurker  
  155  11:05  Lurker, Roach  
  155  11:06  Lurker  
  155  11:08  Drone  
  155  11:10  Drone  
  159  11:20  Overlord  
  159  11:21  Overlord x2  
  159  11:23  Overlord  
  159  11:26  Overlord  
  159  11:29  Overlord  
  159  11:33  Overlord  
  159  11:45  Roach x3  
  159  11:46  Roach x3  
  171  11:47  Roach  
  173  11:55  Roach x2  
  173  11:57  Ravager x9  
  173  12:00  Roach  
  173  12:01  Roach  
  190  12:05  Roach  
  190  12:06  Roach  
  155  12:23  Hydralisk x2  
  155  12:25  Zergling x6  
  155  12:26  Zergling x4  
  155  12:27  Zergling x6  
  133  12:33  Zergling x2  
  133  12:34  Queen  
  133  12:36  Drone x3  
  117  12:48  Centrifical Hooks  
  117  12:51  Zerg Missile Weapons Level 2  
  117  12:52  Roach  
  117  12:53  Roach x2  
  117  12:54  Roach x2  
  117  12:55  Roach  
  129  13:02  Roach x2  
  129  13:03  Roach  
  129  13:04  Zergling x2  
  129  13:05  Zergling x4  
  133  13:27  Roach x4  
  127  13:28  Roach  
  127  13:30  Roach x3  
  127  13:31  Roach  
  127  13:34  Roach  
  129  13:35  Roach  
  129  13:38  Roach x2  
  129  13:39  Roach  
  137  13:45  Overlord  
  137  13:48  Drone x3  
  139  13:50  Extractor  
  139  13:51  Extractor  
  138  14:02  Zergling x8  
  142  14:03  Zergling x2  
  143  14:12  Drone x2  
  143  14:14  Zergling x2  
  143  14:15  Zergling x2  
  143  14:16  Zergling x4  
  143  14:17  Zergling x4  
  151  14:19  Hatchery  
  142  14:26  Roach x2  
  142  14:27  Roach x2  
  130  14:32  Roach x2  
  130  14:35  Roach  
  122  14:41  Roach x3, Baneling x2  
  122  14:42  Baneling x2  
  122  14:45  Roach  
  120  14:51  Zergling x4  
  120  14:52  Zergling x6  
  114  14:58  Zergling x4  
  116  15:04  Roach  
  116  15:05  Roach  
  115  15:07  Roach  
  115  15:13  Hydralisk  
  115  15:14  Hydralisk  
  113  15:19  Baneling x3  
  113  15:20  Baneling x3  
  115  15:21  Baneling  
  115  15:28  Ravager  
  115  15:29  Ravager x6  
  122  15:37  Roach x2  
  126  15:44  Lurker x2, Hydralisk  
  126  15:48  Drone x2  
  129  16:01  Hydralisk x3  
  131  16:06  Hydralisk x2  
  131  16:07  Zergling x2  
  128  16:15  Lurker x2  
  128  16:17  Zergling x8  
  134  16:19  Zergling x4  
  136  16:31  Baneling x6  
  136  16:32  Roach x3  
  142  16:33  Drone x2  
  142  16:35  Roach  
  142  16:38  Roach x2  
  150  16:41  Roach  
  150  16:44  Zergling x2  
  150  16:47  Extractor  
  150  16:50  Extractor  
  144  16:57  Lurker  
  144  16:58  Lurker  
  144  17:00  Zergling x2  
  147  17:02  Zergling x4  
  147  17:03  Zergling x2  
  147  17:04  Zergling x4  
  147  17:06  Zergling x6  
  147  17:07  Zergling x12  
  161  17:08  Zergling x2  
  161  17:10  Zergling x2  
  161  17:14  Zergling x2  
  164  17:21  Roach x2  
  164  17:22  Roach  
  170  17:25  Baneling x3  
  170  17:26  Baneling x2  
  170  17:27  Zergling x2  
  161  17:43  Roach x2  
  161  17:44  Roach x3  
  169  17:46  Baneling x9  
  169  17:47  Baneling x3  
  169  17:50  Baneling  
  169  17:52  Drone, Roach  
  169  17:53  Drone  
  169  17:58  Baneling x3  
  173  17:59  Baneling  
  173  18:00  Baneling  
  173  18:02  Baneling  
  173  18:07  Baneling  
  173  18:08  Zergling x6  
  173  18:09  Zergling x6  
  173  18:10  Zergling x4  
  181  18:26  Roach  
  183  18:31  Roach x4  
  183  18:33  Zergling x6  
Tags
 
Add a new tag
Caveats
  • Supply blocks, unpowered buildings, or Contaminate may cause inaccurate times.
  • Supply counts are checked every 10 seconds.